 Dungeon Crawl Stone Soup version 0.24.0-13-gcf9b319 (webtiles) character file.

Game seed: 14904152192868792831, levelgen mode: deterministic

270 Bronimir the Sneak (level 6, -8/33 HPs)
             Began as a Vampire Enchanter on Mar 10, 2020.
             Mangled by a gnoll
             ... wielding a +0 halberd
              (16 damage)
             ... on level 3 of the Dungeon.
             The game lasted 00:08:55 (3129 turns).

Bronimir the Sneak (Vampire Enchanter)              Turns: 3129, Time: 00:08:55

Health: -8/33      AC:  3    Str:  8    XL:     6   Next: 1%
Magic:  6/9        EV: 13    Int: 19    God:
Gold:   98         SH:  0    Dex: 14    Spells: 4/10 levels left

rFire    . . .     SeeInvis +   a - +1 dagger
rCold    + + .     Gourm    .   (no shield)
rNeg     + + +     Faith    .   p - +0 leather armour
rPois    ∞         Spirit   .   (no helmet)
rElec    .         Reflect  .   (no cloak)
rCorr    .         Harm     .   (no gloves)
MR       .....                  (no boots)
Stlth    +++++.....             (no amulet)
HPRegen  0.00/turn              (no ring)
MPRegen  0.11/turn              (no ring)

@: bloodless, regenerating quickly
A: no food, fangs 3, see invisible, unbreathing
a: Bat Form, Revivify


You were on level 3 of the Dungeon.
You were bloodless.

You visited 1 branch of the dungeon, and saw 3 of its levels.

You collected 98 gold pieces.

Inventory:

Hand Weapons
 a - a +1 dagger (weapon)
Missiles
 f - 100 stones (quivered)
 g - 25 sling bullets
 h - 34 arrows
 o - 32 bolts
Armour
 b - a +0 robe
 c - a +0 leather armour
 e - a +0 buckler
 p - a +0 leather armour (worn)
Scrolls
 i - 5 scrolls of identify
 j - 2 scrolls of remove curse {unknown}
 k - a scroll of teleportation {unknown}
Potions
 d - a potion of curing
 l - a potion of heal wounds
 m - a potion of magic {unknown}
 n - a potion of flight {unknown}


   Skills:
 + Level 0.4 Fighting
 * Level 2.3 Short Blades
 + Level 0.2 Armour
 + Level 3.4 Dodging
 * Level 7.3 Stealth
 + Level 2.5 Spellcasting
 * Level 5.7 Hexes
 + Level 0.4 Ice Magic


You had 4 spell levels left.
You knew the following spells:

 Your Spells              Type           Power        Failure   Level  Hunger
a - Corona                Hex            ###....      2%          1    N/A
b - Ensorcelled Hibernat  Hex/Ice        ##....       10%         2    N/A
c - Dazzling Spray        Conj/Hex       ##....       22%         3    N/A

Your spell library contained the following spells:

 Spells                   Type           Power        Failure   Level  Hunger
 Confuse                  Hex            ###.....     7%          3    N/A
 Tukima's Dance           Hex            ###.....     7%          3    N/A

Dungeon Overview and Level Annotations

Branches:
Dungeon (3/15)

Altars:


Innate Abilities, Weirdness & Mutations

You do not eat.
You do not regenerate when monsters are visible.
You are frail without blood (-20% HP).
You can heal yourself when you bite living creatures.
You are immune to poison.
You have razor-sharp teeth.
You have supernaturally acute eyesight. (SInv)
You can survive without breathing.


Message History

The gnoll is almost dead.
The gnoll misses you.
You closely miss the gnoll. You bite the gnoll.
You kill the gnoll!
You have reached level 6!
Your experience leads to an increase in your attributes!
Increase (S)trength, (I)ntelligence, or (D)exterity?
You feel clever.
The gnoll hits you from afar with a +0 halberd!
Casting: Dazzling Spray (safe; 22% risk of failure)
Confirm with . or Enter, or press ? or * to list all spells.
Aiming: Ensorcelled Hibernation (safe; 10% risk of failure)
Press: ? - help, Shift-Dir - straight line, f - gnoll
Aim: a gnoll, wielding a +0 club (chance to defeat MR: 53%)
The gnoll resists with significant effort.
The gnoll hits you with a +0 club.
* * * LOW HITPOINT WARNING * * *
There is a stone staircase leading up here.
The gnoll hits you from afar with a +0 halberd!
You die...

..........#
#.#
#########.#
#.# #.#
###.#
#.###...#
#.......####
#####.#.#..
#.#.#.#
#.#.#>######
#.#.@.......
##########
#.#.g.######
.....<...#
#.#g..#
########.#
#.#...#####
#.#
#.#.g.....#
#.#
#.#..####.#
#.# #....# #
#.######..#
#
#.#.......#
..


You could see 3 gnolls.

Vanquished Creatures
  A hound (D:3)
  An orc priest (D:3)
  Terence (D:3)
  Natasha (D:3)
  A gnoll (D:3)
  6 adders
  3 oozes
  A worm (D:3)
  2 dart slugs (D:1)
  3 leopard geckos (D:1)
  2 orcs (D:3)
  A giant cockroach (D:1)
  9 hobgoblins
  4 jackals (D:2)
  11 kobolds
  A quokka (D:3)
  8 bats
  3 frilled lizards
  6 goblins
  17 rats
82 creatures vanquished.

Notes
Turn   | Place    | Note
-------+----------+-------------------------------------------
     0 | D:1      | Bronimir the Vampire Enchanter began the quest for the Orb.
     0 | D:1      | Reached XP level 1. HP: 13/13 MP: 3/3
   124 | D:1      | Reached XP level 2. HP: 15/15 MP: 5/5
   187 | D:1      | Learned a level 2 spell: Ensorcelled Hibernation
   239 | D:1      | Reached skill level 5 in Stealth
   279 | D:1      | Reached skill level 5 in Hexes
   540 | D:1      | Reached XP level 3. HP: 5/19 MP: 1/6
  1503 | D:2      | Learned a level 3 spell: Dazzling Spray
  1611 | D:2      | Reached skill level 6 in Stealth
  1613 | D:2      | Reached XP level 4. HP: 17/24 MP: 1/7
  2520 | D:3      | Reached XP level 5. HP: 28/28 MP: 8/8
  2766 | D:3      | Noticed Natasha
  2870 | D:3      | Noticed Terence
  2872 | D:3      | Killed Natasha
  2872 | D:3      | Reached skill level 7 in Stealth
  2884 | D:3      | Killed Terence
  3109 | D:3      | Reached XP level 6. HP: 22/33 MP: 5/9
  3129 | D:3      | Mangled by a gnoll

Levels and vault maps discovered:
D:1:      lemuel_arrival_river_ford, layout_basic, minmay_misc_feat_tiny,
          st_stairs_10
D:2:      layout_basic, hangedman_decor_slide_cut,
          wander_ebering_terrifying_dragon_lair
D:3:      layout_loops_ring, kennysheep_crisscross, uniq_terence, uniq_natasha

Skill      XL: |  1  2  3  4  5 |
---------------+----------------+-----
Stealth        | 5 6 7 |  7.3
Hexes          | 5 |  5.7
Short Blades   | 2 |  2.3
Dodging        | 3 |  3.4
Fighting       | |  0.4
Armour         | |  0.2
Spellcasting   | |  2.5
Ice Magic      | |  0.4

Action                   |  1- 3 |  4- 6 || total
-------------------------+-------+-------++-------
Melee: Dagger            |   130 |    91 ||   221
       Bite              |     6 |    10 ||    16
 Cast: Corona            |     4 |       ||     4
       Ensorcelled Hiber |    21 |     9 ||    30
       Dazzling Spray    |       |     2 ||     2
 Abil: Exsanguinate      |     1 |       ||     1
  Use: Potion            |     1 |     1 ||     2
       Scroll            |       |     2 ||     2
 Stab: Sleeping          |    21 |    21 ||    42
Armor: Robe              |    28 |     9 ||    37
       Leather armour    |       |    38 ||    38
Dodge: Dodged            |    80 |    96 ||   176
